 Dungeon Crawl Stone Soup version 0.28.0-53-g5a82cb258f (webtiles) character file.

Game seed: 18110740180799663011

124 styxcanada the Sneak (level 4, -5/23 HPs)
             Began as a Spriggan Brigand on June 22, 2022.
             Slain by an orc warrior
             ... wielding a +0 vorpal mace
              (19 damage)
             ... on level 5 of the Dungeon.
             The game lasted 00:07:33 (2858 turns).

styxcanada the Sneak (Spriggan Brigand)             Turns: 2858, Time: 00:07:34

Health: -5/23      AC:  3    Str:  7    XL:     4   Next: 81%
Magic:  7/7        EV: 17    Int: 12    God:
Gold:   95         SH:  5    Dex: 18    Spells: 5/5 levels left

rFire   . . .      SeeInvis +   a - +2 dagger
rCold   . . .      Faith    .   (no shield)
rNeg    . . .      Spirit   .   b - +0 robe
rPois   .          Reflect  +   (helmet restricted)
rElec   .          Harm     .   c - +0 cloak
rCorr   .          Rampage  .   (gloves unavailable)
Will    +....                   (boots unavailable)
Stlth   ++++......              k - amulet of reflection
HPRegen 0.07/turn               j - ring of willpower
MPRegen 0.10/turn               (no ring)

@: very quick
A: very small, no large weapons, unfitting armour, see invisible, speed 3
a: no special abilities


You were on level 5 of the Dungeon.
You visited 1 branch of the dungeon, and saw 5 of its levels.

You collected 95 gold pieces.

Inventory:

Hand Weapons
 a - a +2 dagger (weapon)
Missiles
 d - 8 poisoned darts (quivered)
 e - 2 curare-tipped darts
 m - 75 stones
 n - 2 atropa-tipped darts
Armour
 b - a +0 robe (worn)
 c - a +0 cloak (worn)
Jewellery
 j - a ring of willpower (left hand)
 k - an amulet of reflection (around neck)
Wands
 h - a wand of acid (6)
Scrolls
 f - a scroll of identify
 g - a scroll of immolation
Potions
 l - a potion of magic {unknown}
 o - a potion of mutation {unknown}


   Skills:
 * Level 2.0 Fighting
 + Level 2.7 Short Blades
 + Level 2.3 Throwing
 * Level 2.7 Dodging
 * Level 7.6 Stealth
 + Level 0.1 Shields
 * Level 1.3 Spellcasting


You had 5 spell levels left.
You didn't know any spells.
Your spell library contained the following spells:

 Spells                   Type           Power      Damage    Failure   Level
 Blink                    Tloc           0%         N/A       41%         2
 Call Canine Familiar     Summ           0%         N/A       65%         3
 Lesser Beckoning         Tloc           0%         N/A       65%         3
 Portal Projectile        Hex/Tloc       0%         N/A       65%         3
 Leda's Liquefaction      Hex/Erth       0%         N/A       96%         4
 Manifold Assault         Tloc           0%         N/A       100%        5


Dungeon Overview and Level Annotations

Branches:
Dungeon (6/15)
 Temple: D:4-7

Altars:


Innate Abilities, Weirdness & Mutations

You are very small and have problems with some larger weapons.
You are too small for most types of armour.
You have supernaturally acute eyesight. (SInv)
You cover ground extremely quickly. (Speed+++)


Message History

The orc warrior is lightly wounded.
The orc warrior hits you with a +0 vorpal mace.
You closely miss the orc warrior.
The orc warrior is lightly wounded.
The orc warrior barely misses you.
You hit the orc warrior but do no damage.
The orc warrior is lightly wounded.
You hit the orc warrior.
The orc warrior is lightly wounded.
The orc warrior misses you.
You hit the orc warrior but do no damage.
The orc warrior is lightly wounded.
You block the orc warrior's attack.
You closely miss the orc warrior.
The orc warrior is lightly wounded.
The orc warrior barely misses you.
There is an open door here.
Throw: 11 darts (poison)
Press: ? - help, Q - select action, (/) - cycle Shift-Dir - straight line, f - orc warrior
Aim: an orc warrior, wielding a +0 vorpal mace and wearing a +0 chain mail (lightly wounded, 60% to hit)
You throw a poisoned dart.
The poisoned dart closely misses the orc warrior.
Throw: 10 darts (poison)
Press: ? - help, Q - select action, (/) - cycle Shift-Dir - straight line, f/p - orc warrior
Aim: an orc warrior, wielding a +0 vorpal mace and wearing a +0 chain mail (lightly wounded, 60% to hit)
You throw a poisoned dart. The poisoned dart hits the orc warrior.
The orc warrior is poisoned.
The orc warrior is lightly wounded.
You see here a +0 ring mail.
Throw: 9 darts (poison)
Press: ? - help, Q - select action, (/) - cycle Shift-Dir - straight line, f/p - orc warrior
Aim: an orc warrior, wielding a +0 vorpal mace and wearing a +0 chain mail (lightly wounded, poisoned, 60% to hit)
You throw a poisoned dart. The poisoned dart hits the orc warrior.
The orc warrior looks even sicker.
The orc warrior is lightly wounded.
You hit the orc warrior but do no damage.
The orc warrior is moderately wounded.
The orc warrior hits you with a +0 vorpal mace!!
Ouch! That really hurt!
You die...

#.......####...##>..##.....##
###.##.##.......#.###...!...#
#.##.##........)..#.......#
#.........#.###.###.......#
####.######.# #.####.....##
#........# #....##...##
########.# ########'#######
#.#######...........
#.#.@o..(...........
#.#.#####........... ##
##.#.###.####+#######
#...#####..#.##...#
#........#.#.#...##
#...###.###......# #
##.#...#..†# #.....##..#
##........#


You could see an orc warrior (very poisoned).

Vanquished Creatures
  A killer bee zombie (D:5)
  A hound skeleton (D:2)
  A hound zombie (D:5)
  2 adders (D:5)
  2 worms (D:2)
  3 dart slugs
  5 ball pythons
  3 bats
  5 endoplasms
  A giant cockroach (D:2)
  4 goblins
  4 hobgoblins
  4 jackals (D:1)
  3 quokkas
  2 frilled lizards
  A kobold (D:1)
  2 rats (D:1)
44 creatures vanquished.

Notes
Turn   | Place    | Note
-------+----------+-------------------------------------------
     0 | D:1      | styxcanada the Spriggan Brigand began the quest for the
                  | Orb.
     0 | D:1      | Reached XP level 1. HP: 10/10 MP: 2/2
    42 | D:1      | Reached skill level 6 in Stealth
   282 | D:1      | Reached XP level 2. HP: 7/14 MP: 3/3
   842 | D:1      | Reached XP level 3. HP: 13/18 MP: 4/4
  1363 | D:2      | Reached skill level 7 in Stealth
  1427 | D:2      | Found a faded altar of an unknown god.
  1428 | D:2      | Noticed a shining eye
  1430 | D:2      | Noticed an eye of devastation
  1430 | D:2      | Noticed a shining eye
  1430 | D:2      | Noticed a golden eye
  1803 | D:2      | Reached skill level 1 in Spellcasting
  1841 | D:2      | Reached XP level 4. HP: 23/23 MP: 6/6
  2309 | D:3      | You fall into a shaft and drop 3 floors!
  2317 | D:6      | Noticed a kobold brigand
  2317 | D:6      | Noticed a bullfrog
  2334 | D:5      | Entered Level 5 of the Dungeon
  2828 | D:5      | Noticed an orc warrior
  2858 | D:5      | Slain by an orc warrior

Illustrated notes

Levels and vault maps discovered:
D:1:      erik_arrival_cave_to_civilisation [erik_arrival_cave_to_hall],
          layout_basic, serial_corexii_hall, chequers_hall_statues_wall_a,
          corexii_hall_statues_x
D:2:      minmay_inner_zag, layout_basic, hellmonk_ecumenical_altar_watching_god
D:3:      layout_basic, general_overflow_altar, minmay_misc_feat_hallway
D:5:      kennysheep_six_static_rooms, layout_loops_corners, dk_noncrumbling_3
D:6:      layout_cave_pools, minmay_temple_entry_drinking_statues,
          gup_ossuary_entry_pyramid, minmay_hedge_maze, st_stairs_7,
          serial_park_tiny_2

Skill      XL: |  1  2  3  4 |
---------------+-------------+-----
Stealth        | 6 7 |  7.6
Dodging        | 2 |  2.7
Spellcasting   | 1 |  1.3
Fighting       | 2 |  2.0
Short Blades   | |  2.7
Throwing       | |  2.3
Shields        | |  0.1

Action                   |  1- 3 |  4- 6 || total
-------------------------+-------+-------++-------
Melee: Dagger            |   110 |    48 ||   158
       Punch             |     1 |     1 ||     2
Throw: Dart              |    13 |     7 ||    20
  Use: Scroll            |     3 |       ||     3
 Stab: Sleeping          |    10 |     4 ||    14
       Distracted        |     1 |       ||     1
Armor: Robe              |    11 |     8 ||    19
Dodge: Dodged            |    54 |    24 ||    78
Block: Other             |     6 |     8 ||    14
